 Dungeon Crawl Stone Soup version 0.30-a0-141-g30f27751c5 (webtiles) character file.

Game seed: 10348580441367605019

7948 qw the Cleaver (level 11, -3/69 HPs)
             Began as a Gargoyle Fighter on Sept 25, 2022.
             Was an Elder of Okawaru.
             Slain by a troll (10 damage)
             ... on level 10 of the Dungeon.
             The game lasted 00:03:58 (9253 turns).

qw the Cleaver (Gargoyle Fighter)                   Turns: 9253, Time: 00:03:59

Health: -3/69      AC: 28    Str: 23    XL:     11   Next: 23%
Magic:  14/15      EV:  8    Int: 10    God:    Okawaru [****..]
Gold:   589        SH:  6    Dex:  9    Spells: 10/10 levels left

rFire   . . .      SeeInvis +    Y - +2 war axe
rCold   . . .      Faith    .    c - +0 buckler
rNeg    + . .      Spirit   .    p - +0 plate armour
rPois   inf        Reflect  .    i - +0 helmet
rElec   +          Harm     .    (no cloak)
rCorr   .          Rampage  .    (no gloves)
Will    .....                    (no boots)
Stlth   ..........               (no amulet)
HPRegen 0.21/turn                b - ring of see invisible
MPRegen 0.14/turn                l - +4 ring of protection

@: about to teleport, heroic
A: sickness immunity, AC +8, negative energy resistance 1, electricity
resistance, torment resistance 1, petrification resistance
a: Renounce Religion, Heroism, Finesse


You were on level 10 of the Dungeon.
You worshipped Okawaru.
Okawaru was greatly pleased with you.
You visited 2 branches of the dungeon, and saw 11 of its levels.

You collected 589 gold pieces.


Innate Abilities, Weirdness & Mutations

You are immune to sickness and miasma.
Your stone body is resilient. (AC +8)
You are immune to poison.
You resist negative energy. (rN+)
You are resistant to electric shocks. (rElec)
You are resistant to unholy torment.
You are immune to petrification.


   Skills:
 + Level 8.3(13.3) Fighting
 - Level 11.0(16.0) Axes
 - Level 4.4(9.4) Throwing
 - Level 7.0(12.0) Armour
 - Level 1.2(6.2) Dodging
 - Level 5.3(10.3) Shields
 + Level 5.7 Invocations


You had 10 spell levels left.
You didn't know any spells.
Your spell library was empty.

Inventory:

Hand Weapons
 w - a +0 vorpal morningstar
 Y - a +2 war axe (weapon)
Missiles
 n - 13 boomerangs (quivered)
Armour
 c - a +0 buckler (worn)
 i - a +0 helmet (worn)
 p - a +0 plate armour (worn)
Jewellery
 a - a ring of resist corrosion
 b - a ring of see invisible (left hand)
 l - a +4 ring of protection (right hand)
Scrolls
 e - 7 scrolls of teleportation
 h - 2 scrolls of identify
Potions
 d - 4 potions of might
 f - 3 potions of magic
 g - 4 potions of lignification
 j - a potion of cancellation
 k - a potion of haste
 q - a potion of mutation

Dungeon Overview and Level Annotations

Branches:
Dungeon (10/15)            Temple (1/1) D:6             Orc (0/2) D:9
   Lair: D:8-11

Altars:
Ashenzari
Cheibriados
Dithmenos
Elyvilon
Fedhas
Gozag
Hepliaklqana
Kikubaaqudgha
Makhleb
Nemelex Xobeh
Okawaru
Qazlal
Ru
Sif Muna
Trog
Uskayaw
Vehumet
Wu Jian
Xom
Yredelemnul
Zin
The Shining One

Shops:
D:1 [   D:4 :(

Annotations:
D:9 2 runed translucent doors, Tuyrink's ghost, journeyman OpWn


Message History

The orc wizard is moderately wounded.
You slash the orc priest! You slice the orc priest!!
You kill the orc priest!
Okawaru accepts your kill.
You hit the orc wizard but do no damage.
The orc wizard hits you but does no damage.
You slash the orc wizard!
You kill the orc wizard!
Okawaru accepts your kill.
Things that are here:
a +0 falchion; an orc corpse You slash the orc wizard!
The orc wizard is almost dead.
You hit the orc wizard.
You kill the orc wizard!
Okawaru accepts your kill.
You hit the troll.
The troll is lightly wounded.
The troll closely misses you. The troll barely misses you.
The troll claws you but does no damage.
You barely miss the troll.
The troll is lightly wounded.
The troll closely misses you. The troll claws you! x2
You barely miss the troll. You closely miss the troll. The troll misses you.
The troll claws you but does no damage. The troll completely misses you.
You slash the troll!
The troll is lightly wounded.
The troll bites you but does no damage. The troll claws you but does no damage.
The troll claws you.
You slice the troll!!
The troll is severely wounded.
The troll closely misses you. The troll claws you! x2
9253 ||| READING 8 scrolls of teleportation.
As you read the scroll of teleportation, it crumbles to dust.
You feel strangely unstable. The troll bites you!
You die...

..#
###############..#
.......(.........#
.................#
.................#
.................#
.....$T.)..[.....#
......)@....<....#
.......))........#
#..)###########..#
#.. .# # #


You could see a troll.

Vanquished Creatures
  2 two-headed ogres (D:9)
  2 trolls
  Grinder (D:5)
  10 yaks
  A steam dragon (D:8)
  Edmund (D:6)
  A water moccasin (D:6)
  7 orc warriors
  2 black bears
  2 ice beasts
  5 centaurs
  3 kobold brigands (D:8)
  4 bullfrogs (D:7)
  2 necrophages
  2 gnoll sergeants (D:8)
  3 scorpions
  13 wights
  2 howler monkeys (D:7)
  6 hounds
  3 jellies
  A gnoll bouda (D:7)
  6 orc priests
  3 iguanas
  Natasha (twice) (D:2)
  15 orc wizards
  15 gnolls
  7 adders
  A white imp (D:5)
  An ufetubus (D:6)
  A dart slug (D:1)
  42 orcs
  7 endoplasms
  5 giant cockroaches
  7 goblins
  6 hobgoblins
  5 jackals
  21 kobolds
  7 quokkas
  3 training dummies (D:4)
  7 ball pythons
  4 bats
  4 frilled lizards
  2 rats (D:1)
244 creatures vanquished.

Vanquished Creatures (others)
  32 plants
32 creatures vanquished.

Grand Total: 276 creatures vanquished

Notes
Turn   | Place    | Note
-------+----------+-------------------------------------------
     0 | D:1      | qw the Gargoyle Fighter began the quest for the Orb.
     0 | D:1      | Reached XP level 1. HP: 14/14 MP: 1/1
     0 | D:1      | 0 ||| qw: Version: 0.2-a-10-g399e6c4
     0 | D:1      | 0 ||| qw: Game counter: 202
     0 | D:1      | 0 ||| qw: Always use a shield: true
     0 | D:1      | 0 ||| qw: God list: Okawaru
     0 | D:1      | 0 ||| qw: Allow faded altars: false
     0 | D:1      | 0 ||| qw: Do Orc after D:15 true
     0 | D:1      | 0 ||| qw: Do second Lair branch before Depths: true
     0 | D:1      | 0 ||| qw: Lair rune preference: random
     0 | D:1      | 0 ||| qw: Plans: Normal, Zot:1-4, God:TSO, Crypt, Tomb,
                  | Pan, Slime:5, Hells, Abyss, Orb
     0 | D:1      | 0 ||| PLANNING D:1-11
   156 | D:1      | 156 ||| Stepping ~*~*~tactically~*~*~ (stealth).
   157 | D:1      | 157 ||| Stepping ~*~*~tactically~*~*~ (stealth).
   160 | D:1      | Reached skill level 2 in Axes
   201 | D:1      | Reached XP level 2. HP: 19/19 MP: 2/2
   217 | D:1      | 217 ||| Stepping ~*~*~tactically~*~*~ (stealth).
   220 | D:1      | 220 ||| Stepping ~*~*~tactically~*~*~ (stealth).
   223 | D:1      | 223 ||| Stepping ~*~*~tactically~*~*~ (stealth).
   231 | D:1      | 231 ||| Stepping ~*~*~tactically~*~*~ (hiding).
   328 | D:1      | Reached skill level 3 in Axes
   359 | D:1      | Found Ogoly's Antique Armour Shop.
   368 | D:1      | 368 ||| SHOPLISTING chain mail (130 gold, have 40).
   368 | D:1      | 368 ||| SHOPLISTING glowing leather armour (145 gold, have
                  | 40).
   368 | D:1      | 368 ||| SHOPLISTING glowing plate armour (754 gold, have
                  | 40).
   368 | D:1      | 368 ||| SHOPLISTING helmet (130 gold, have 40).
   368 | D:1      | 368 ||| SHOPLISTING pair of boots (130 gold, have 40).
   368 | D:1      | 368 ||| SHOPLISTING runed plate armour (754 gold, have 40).
   405 | D:1      | Reached XP level 3. HP: 23/23 MP: 3/3
   723 | D:1      | 723 ||| UPGRADING to +0 chain mail.
   733 | D:1      | 733 ||| DROPPING +0 scale mail.
   734 | D:1      | 734 ||| READING scroll labelled XONYEHANAO.
   738 | D:1      | 738 ||| READING 2 scrolls labelled JUIMINKUKOA.
   739 | D:1      | 739 ||| READING scroll labelled QUXAOP POXE.
   753 | D:2      | 753 ||| STAIRDANCE
   766 | D:2      | 766 ||| STAIRDANCE
   847 | D:2      | 847 ||| Stepping ~*~*~tactically~*~*~ (stealth).
   850 | D:2      | 850 ||| Stepping ~*~*~tactically~*~*~ (stealth).
   870 | D:2      | 870 ||| Stepping ~*~*~tactically~*~*~ (stealth).
  1075 | D:2      | 1075 ||| Stepping ~*~*~tactically~*~*~ (stealth).
  1076 | D:2      | 1076 ||| Stepping ~*~*~tactically~*~*~ (stealth).
  1099 | D:2      | 1099 ||| Stepping ~*~*~tactically~*~*~ (stealth).
  1100 | D:2      | 1100 ||| Stepping ~*~*~tactically~*~*~ (stealth).
  1101 | D:2      | 1101 ||| Stepping ~*~*~tactically~*~*~ (stealth).
  1102 | D:2      | 1102 ||| Stepping ~*~*~tactically~*~*~ (stealth).
  1103 | D:2      | 1103 ||| Stepping ~*~*~tactically~*~*~ (stealth).
  1111 | D:2      | Reached XP level 4. HP: 24/28 MP: 4/4
  1185 | D:2      | Noticed Natasha
  1191 | D:2      | Killed Natasha
  1192 | D:2      | Reached skill level 4 in Axes
  1377 | D:2      | Noticed Natasha
  1378 | D:2      | 1378 ||| FLEEEEING.
  1379 | D:2      | 1379 ||| FLEEEEING.
  1380 | D:2      | 1380 ||| FLEEEEING.
  1381 | D:2      | 1381 ||| FLEEEEING.
  1382 | D:2      | 1382 ||| FLEEEEING.
  1383 | D:2      | 1383 ||| FLEEEEING.
  1387 | D:2      | 1387 ||| FLEEEEING.
  1390 | D:2      | 1390 ||| STAIRDANCE
  1492 | D:1      | 1492 ||| DROPPING scarf of harm.
  1493 | D:1      | 1493 ||| UPGRADING to ring of see invisible.
  1494 | D:1      | 1494 ||| UPGRADING to ring of resist corrosion.
  1495 | D:1      | 1495 ||| READING 2 scrolls labelled YBAUCU BUME.
  1496 | D:1      | 1496 ||| READING 2 scrolls of identify.
  1496 | D:1      | 1496 ||| IDENTIFYING fuming brown potion
  1497 | D:1      | 1497 ||| DROPPING scroll of fog.
  1503 | D:2      | Killed Natasha
  1504 | D:2      | Reached XP level 5. HP: 32/32 MP: 5/5
  1635 | D:2      | 1635 ||| READING scroll labelled SUNOITH RAEN.
  1771 | D:3      | 1771 ||| Stepping ~*~*~tactically~*~*~ (stealth).
  1793 | D:3      | 1793 ||| Stepping ~*~*~tactically~*~*~ (stealth).
  1999 | D:3      | Reached skill level 5 in Axes
  2350 | D:3      | 2350 ||| UPGRADING to +4 ring of protection.
  2352 | D:3      | 2352 ||| DRINKING 2 sedimented inky potions.
  2353 | D:3      | 2353 ||| DROPPING potion of brilliance.
  2416 | D:4      | Found Kitogh's Firing Range.
  2562 | D:4      | Reached XP level 6. HP: 38/38 MP: 6/6
  2597 | D:4      | Reached skill level 1 in Throwing
  2611 | D:4      | 2611 ||| Stepping ~*~*~tactically~*~*~ (hiding).
  2712 | D:4      | Reached skill level 6 in Axes
  2822 | D:4      | Reached XP level 7. HP: 43/43 MP: 7/7
  2985 | D:4      | Found Hexeo's Tremendous Tomes.
  3128 | D:4      | Reached skill level 1 in Dodging
  3164 | D:5      | Entered Level 5 of the Dungeon
  3601 | D:5      | 3601 ||| DROPPING +0 whip.
  3780 | D:5      | Noticed Grinder
  3781 | D:5      | 3781 ||| Stepping ~*~*~tactically~*~*~ (hiding).
  3795 | D:5      | Paralysed by Grinder for 3 turns
  3817 | D:5      | Paralysed by Grinder for 2 turns
  3822 | D:5      | Killed Grinder
  3823 | D:5      | Reached skill level 7 in Axes
  3954 | D:5      | 3954 ||| Stepping ~*~*~tactically~*~*~ (hiding).
  3971 | D:5      | Reached XP level 8. HP: 24/48 MP: 8/8
  4129 | D:5      | 4129 ||| DROPPING +0 flail.
  4266 | D:5      | 4266 ||| Stepping ~*~*~tactically~*~*~ (stealth).
  4267 | D:5      | 4267 ||| Stepping ~*~*~tactically~*~*~ (stealth).
  4534 | D:5      | 4534 ||| DROPPING ring of flight.
  4535 | D:5      | 4535 ||| DROPPING +6 ring of intelligence.
  4536 | D:5      | 4536 ||| READING scroll labelled LOYMUTOYTS.
  4537 | D:5      | 4537 ||| READING scroll labelled GUISUACR QYHER.
  4538 | D:5      | 4538 ||| READING scroll labelled DIDYNU BAEXASCH.
  4539 | D:5      | 4539 ||| READING 2 scrolls of identify.
  4539 | D:5      | 4539 ||| IDENTIFYING gluggy blue potion
  4540 | D:5      | 4540 ||| DROPPING potion of ambrosia.
  4585 | D:6      | 4585 ||| Stepping ~*~*~tactically~*~*~ (hiding).
  4588 | D:6      | 4588 ||| Stepping ~*~*~tactically~*~*~ (hiding).
  4589 | D:6      | 4589 ||| Stepping ~*~*~tactically~*~*~ (hiding).
  4609 | D:6      | 4609 ||| FLEEEEING.
  4610 | D:6      | 4610 ||| FLEEEEING.
  4611 | D:6      | 4611 ||| STAIRDANCE
  4756 | D:6      | 4756 ||| STAIRDANCE
  4800 | D:6      | Found a staircase to the Ecumenical Temple.
  4801 | D:6      | 4801 ||| PLANNING TEMPLE
  4801 | D:6      | 4801 ||| FLEEEEING.
  4809 | D:6      | 4809 ||| STAIRDANCE
  4811 | D:5      | 4811 ||| READING 3 scrolls labelled FUM UTTAPROSCH.
  4812 | D:5      | 4812 ||| DRINKING 2 fuming clear potions.
  4813 | D:5      | 4813 ||| DROPPING 2 scrolls of magic mapping.
  4824 | D:6      | 4824 ||| FLEEEEING.
  4825 | D:6      | 4825 ||| FLEEEEING.
  4826 | D:6      | 4826 ||| FLEEEEING.
  4827 | D:6      | 4827 ||| FLEEEEING.
  4828 | D:6      | 4828 ||| FLEEEEING.
  4829 | D:6      | 4829 ||| FLEEEEING.
  4830 | D:6      | 4830 ||| FLEEEEING.
  4831 | D:6      | 4831 ||| FLEEEEING.
  4832 | D:6      | 4832 ||| STAIRDANCE
  4836 | D:6      | 4836 ||| STAIRDANCE
  4855 | D:6      | 4855 ||| STAIRDANCE
  4882 | D:6      | 4882 ||| STAIRDANCE
  4886 | D:6      | 4886 ||| STAIRDANCE
  4890 | D:6      | 4890 ||| STAIRDANCE
  4894 | D:6      | 4894 ||| STAIRDANCE
  4898 | D:6      | 4898 ||| STAIRDANCE
  4902 | D:6      | 4902 ||| STAIRDANCE
  4914 | D:6      | 4914 ||| STAIRDANCE
  4934 | Temple   | Entered the Ecumenical Temple
  4992 | Temple   | 4992 ||| PLANNING OKAWARU WORSHIP
  5228 | Temple   | Became a worshipper of Warmaster Okawaru
  5229 | Temple   | 5229 ||| PLANNING D:1-11
  5313 | D:6      | Reached skill level 8 in Axes
  5366 | D:6      | Reached skill level 6 in Fighting
  5483 | D:6      | 5483 ||| Stepping ~*~*~tactically~*~*~ (stealth).
  5505 | D:6      | 5505 ||| FLEEEEING.
  5506 | D:6      | 5506 ||| FLEEEEING.
  5507 | D:6      | 5507 ||| FLEEEEING.
  5508 | D:6      | 5508 ||| FLEEEEING.
  5509 | D:6      | 5509 ||| FLEEEEING.
  5513 | D:6      | 5513 ||| FLEEEEING.
  5514 | D:6      | 5514 ||| FLEEEEING.
  5515 | D:6      | 5515 ||| FLEEEEING.
  5516 | D:6      | 5516 ||| FLEEEEING.
  5517 | D:6      | 5517 ||| FLEEEEING.
  5518 | D:6      | 5518 ||| FLEEEEING.
  5519 | D:6      | 5519 ||| FLEEEEING.
  5520 | D:6      | 5520 ||| FLEEEEING.
  5521 | D:6      | 5521 ||| FLEEEEING.
  5525 | D:6      | 5525 ||| FLEEEEING.
  5526 | D:6      | 5526 ||| FLEEEEING.
  5527 | D:6      | 5527 ||| FLEEEEING.
  5542 | D:6      | HP: 7/51 [wight/+0 war axe (7)]
  5543 | D:6      | 5543 ||| READING 4 scrolls of teleportation.
  5544 | D:6      | 5544 ||| DRINKING potion of heal wounds.
  5680 | D:6      | Noticed Edmund
  5698 | D:6      | Killed Edmund
  5699 | D:6      | Reached skill level 9 in Axes
  5699 | D:6      | Reached XP level 9. HP: 36/55 MP: 9/9
  6124 | D:6      | Reached * piety under Okawaru
  6176 | D:6      | 6176 ||| INVOKING Heroism.
  6181 | D:6      | Reached skill level 1 in Invocations
  6263 | D:6      | 6263 ||| READING scroll of enchant weapon.
  6263 | D:6      | 6263 ||| ENCHANTING +1 war axe.
  6308 | D:6      | 6308 ||| DRINKING 2 sedimented amethyst potions.
  6309 | D:6      | 6309 ||| DRINKING 2 ruby potions.
  6310 | D:6      | 6310 ||| READING 2 scrolls of identify.
  6310 | D:6      | 6310 ||| IDENTIFYING orange potion
  6311 | D:6      | 6311 ||| DROPPING potion of flight.
  6312 | D:6      | 6312 ||| DROPPING potion of degeneration.
  6442 | D:7      | 6442 ||| Stepping ~*~*~tactically~*~*~ (stealth).
  6452 | D:7      | 6452 ||| INVOKING Heroism.
  6807 | D:7      | Reached skill level 3 in Invocations
  6867 | D:7      | 6867 ||| INVOKING Heroism.
  6885 | D:7      | 6885 ||| Stepping ~*~*~tactically~*~*~ (stealth).
  6907 | D:7      | 6907 ||| Stepping ~*~*~tactically~*~*~ (hiding).
  6910 | D:7      | 6910 ||| INVOKING Heroism.
  7134 | D:7      | 7134 ||| UPGRADING to +0 helmet.
  7139 | D:7      | 7139 ||| READING scroll labelled ROMABI QIMAU.
  7177 | D:8      | Reached ** piety under Okawaru
  7178 | D:8      | Reached skill level 10 in Axes
  7276 | D:8      | 7276 ||| INVOKING Heroism.
  7282 | D:8      | Identified the +11 spear of Kibogoip {vorpal, rPois rC+
                  | Dex+3}
  7286 | D:8      | Reached XP level 10. HP: 56/63 MP: 11/13
  7353 | D:8      | 7353 ||| Stepping ~*~*~tactically~*~*~ (hiding).
  7354 | D:8      | 7354 ||| Stepping ~*~*~tactically~*~*~ (hiding).
  7356 | D:8      | 7356 ||| Stepping ~*~*~tactically~*~*~ (hiding).
  7361 | D:8      | 7361 ||| INVOKING Heroism.
  7513 | D:8      | 7513 ||| INVOKING Heroism.
  7666 | D:8      | 7666 ||| Stepping ~*~*~tactically~*~*~ (stealth).
  7727 | D:8      | Found a glowing golden altar of the Shining One.
  7731 | D:8      | Found a bloodstained altar of Trog.
  7735 | D:8      | Found a shadowy altar of Dithmenos.
  7735 | D:8      | Found a shimmering blue altar of Sif Muna.
  7845 | D:8      | Found an ornate altar of the Wu Jian Council.
  7857 | D:8      | 7857 ||| Stepping ~*~*~tactically~*~*~ (hiding).
  7859 | D:8      | 7859 ||| Stepping ~*~*~tactically~*~*~ (hiding).
  7864 | D:8      | 7864 ||| INVOKING Heroism.
  7875 | D:8      | Reached *** piety under Okawaru
  7990 | D:8      | 7990 ||| INVOKING Heroism.
  8014 | D:8      | 8014 ||| INVOKING Heroism.
  8196 | D:8      | 8196 ||| DROPPING +3 ring mail of fire resistance.
  8197 | D:8      | 8197 ||| UPGRADING to +0 plate armour.
  8207 | D:8      | 8207 ||| DROPPING +0 chain mail.
  8208 | D:8      | 8208 ||| READING scroll labelled SOKECKOXTA.
  8209 | D:8      | 8209 ||| READING scroll labelled LOVICAIDASM.
  8271 | D:8      | 8271 ||| READING 3 scrolls of identify.
  8271 | D:8      | 8271 ||| IDENTIFYING silvery potion
  8294 | D:9      | 8294 ||| DRINKING 2 potions of curing.
  8294 | D:9      | 8294 ||| (to cure confusion)
  8315 | D:9      | Noticed a two-headed ogre
  8317 | D:9      | 8317 ||| INVOKING Heroism.
  8325 | D:9      | Killed a two-headed ogre
  8326 | D:9      | Reached skill level 6 in Armour
  8344 | D:9      | 8344 ||| Stepping ~*~*~tactically~*~*~ (stealth).
  8346 | D:9      | 8346 ||| INVOKING Heroism.
  8377 | D:9      | 8377 ||| INVOKING Heroism.
  8624 | D:9      | Noticed a two-headed ogre
  8625 | D:9      | 8625 ||| Stepping ~*~*~tactically~*~*~ (stealth).
  8626 | D:9      | 8626 ||| Stepping ~*~*~tactically~*~*~ (stealth).
  8628 | D:9      | 8628 ||| INVOKING Heroism.
  8629 | D:9      | 8629 ||| Stepping ~*~*~tactically~*~*~ (stealth).
  8635 | D:9      | Killed a two-headed ogre
  8635 | D:9      | Reached **** piety under Okawaru
  8641 | D:9      | Reached XP level 11. HP: 68/68 MP: 12/14
  8656 | D:9      | Reached skill level 11 in Axes
  8666 | D:9      | 8666 ||| INVOKING Heroism.
  8770 | D:9      | Found a large runed translucent door.
  8770 | D:9      | Found a large runed translucent door.
  8774 | D:9      | 8774 ||| INVOKING Heroism.
  8777 | D:9      | 8777 ||| DRINKING 2 potions of curing.
  8777 | D:9      | 8777 ||| (to cure confusion)
  8781 | D:9      | 8781 ||| DRINKING potion of curing.
  8781 | D:9      | 8781 ||| (to cure confusion)
  8814 | D:9      | Noticed Tuyrink's ghost (journeyman OpWn)
  8835 | D:9      | 8835 ||| Stepping ~*~*~tactically~*~*~ (hiding).
  8836 | D:9      | 8836 ||| Stepping ~*~*~tactically~*~*~ (hiding).
  8850 | D:9      | 8850 ||| Stepping ~*~*~tactically~*~*~ (hiding).
  8852 | D:9      | 8852 ||| Stepping ~*~*~tactically~*~*~ (hiding).
  9121 | D:9      | Found a staircase to the Orcish Mines.
  9181 | D:9      | 9181 ||| READING 4 scrolls of identify.
  9181 | D:9      | 9181 ||| IDENTIFYING purple potion
  9182 | D:9      | 9182 ||| READING 3 scrolls of identify.
  9182 | D:9      | 9182 ||| IDENTIFYING bubbling dark potion
  9191 | D:10     | Entered Level 10 of the Dungeon
  9192 | D:10     | 9192 ||| INVOKING Heroism.
  9238 | D:10     | 9238 ||| INVOKING Heroism.
  9252 | D:10     | HP: 16/69 [troll (9)]
  9252 | D:10     | HP: 7/69 [troll (9)]
  9253 | D:10     | 9253 ||| READING 8 scrolls of teleportation.
  9253 | D:10     | Slain by a troll

Levels and vault maps discovered:
D:1:      tarquinn_simple_flora_water_e, layout_rooms, serial_shops, shop,
          serial_forest, infiniplex_forest_straight_2,
          infiniplex_forest_lined_corner, infiniplex_forest_clump_long,
          infiniplex_forest_end_2, infiniplex_forest_zigzag_1,
          infiniplex_forest_straight_3, infiniplex_forest_clump_cross,
          infiniplex_forest_corner_1, infiniplex_forest_clump_small
D:2:      layout_rooms, minmay_misc_feat_chi, uniq_natasha
D:3:      wad_woods_tower, layout_basic
D:4:      nicolae_cairo_tiling_very_big, layout_cave_pools,
          nicolae_shop_i_like_big_books, nicolae_shop_firing_range
D:5:      layout_loops_corners, chequers_serial_rivers_large_a, uniq_grinder
D:6:      layout_basic, minmay_temple_entry_gardened_gates, uniq_edmund
D:7:      layout_loops_ring, kennysheep_diamond
D:8:      layout_rooms, nicolae_overflow_hallway_of_the_gods
D:9:      layout_basic, david_orc_4, ebering_ghost_disaster_area
D:10:     layout_long_grid, dpeg_lair_monsters
Temple:   minmay_temple_bridge_d

Skill      XL: |  1  2  3  4  5  6  7  8  9 10 11 |
---------------+----------------------------------+-----
Axes           | 2 3 4 5 6 7 9 10 11 | 11.0
Fighting       | 4 6 7 8 |  8.3
Throwing       | 1 2 4 |  4.4
Dodging        | 1 |  1.2
Shields        | 4 5 |  5.3
Armour         | 5 6 7 |  7.0
Invocations    | 4 5 |  5.7

Action                   |  1- 3 |  4- 6 |  7- 9 | 10-12 || total
-------------------------+-------+-------+-------+-------++-------
Melee: War axe           |   100 |   130 |   326 |   253 ||   809
Throw: Javelin           |       |     9 |    22 |     6 ||    37
       Boomerang         |       |       |    27 |     7 ||    34
Invok: Heroism           |       |       |     5 |    13 ||    18
  Use: Scroll            |     3 |     3 |     9 |     6 ||    21
       Potion            |       |     1 |     4 |     3 ||     8
 Stab: Distracted        |       |       |     1 |       ||     1
Armor: Scale mail        |    32 |       |       |       ||    32
       Chain mail        |    31 |    86 |   186 |    62 ||   365
       Plate armour      |       |       |       |   104 ||   104
Dodge: Dodged            |    37 |    49 |   114 |    98 ||   298
Block: Buckler           |    17 |    25 |    66 |    59 ||   167

Table legend:
 A = Non-vault XP
 B = Vault XP
 C = Vault XP percentage of total XP
 D = Non-vault monster count
 E = Vault monster count
 F = Vault count percentage of total count
                 A         B        C        D         E       F
            +---------+---------+-------+---------+---------+-------
      Total |    9927 |    1428 |  12.6 |     216 |      28 |  11.5
            +---------+---------+-------+---------+---------+-------
        D:1 |      57 |       0 |   0.0 |      25 |       0 |   0.0
        D:2 |     102 |      36 |  26.1 |      20 |       1 |   4.8
        D:3 |      16 |      38 |  70.4 |       9 |       6 |  40.0
        D:4 |     426 |       6 |   1.4 |      16 |       3 |  15.8
        D:5 |     362 |     286 |  44.1 |      23 |       1 |   4.2
        D:6 |    1624 |     169 |   9.4 |      26 |       1 |   3.7
        D:7 |     994 |     276 |  21.7 |      14 |       4 |  22.2
        D:8 |    2445 |       0 |   0.0 |      55 |       0 |   0.0
        D:9 |    3440 |     617 |  15.2 |      22 |      12 |  35.3
       D:10 |     461 |       0 |   0.0 |       6 |       0 |   0.0
            +---------+---------+-------+---------+---------+-------
